 Dungeon Crawl Stone Soup version 0.20.1-1-g8b1a95d (webtiles) character file.

764 Irenicus the Chopper (level 7, -3/57 HPs)
             Began as a Deep Dwarf Necromancer on Nov 1, 2017.
             Was an Initiate of Makhleb.
             Shot with an arrow by a centaur (10 damage)
             ... on level 6 of the Dungeon.
             The game lasted 00:22:32 (4005 turns).

Irenicus the Chopper (Deep Dwarf Necromancer)       Turns: 4005, Time: 00:22:32

Health: -3/57      AC:  3    Str: 11    XL:     7   Next: 51%
Magic:  9/11       EV: 12    Int: 18    God:    Makhleb [......]
Gold:   304        SH:  0    Dex: 15    Spells: 5/10 levels left

rFire    . . .     SeeInvis .   r - +0 hand axe
rCold    . . .     Gourm    .   (no shield)
rNeg     . . .     Faith    .   u - +0 leather armour
rPois    .         Spirit   .   (no helmet)
rElec    .         Reflect  .   (no cloak)
rCorr    .         Harm     .   (no gloves)
MR       +....                  (no boots)
Stlth    ++........             (no amulet)
Regen    0.0/turn               (no ring)
MPRegen  0.2/turn               (no ring)

@: non-regenerating
A: damage resistance, heal wounds, clever 1, high mp 1, sense surroundings 1,
subdued magic 1, no regeneration
a: Heal Wounds, Renounce Religion


You were on level 6 of the Dungeon.
You worshipped Makhleb.
Makhleb was noncommittal.
You were not hungry.

You visited 2 branches of the dungeon, and saw 7 of its levels.
You also visited: Ossuary.

You collected 304 gold pieces.

Inventory:

Hand Weapons
 m - a +3 trident
 r - a +0 hand axe (weapon)
 x - a +2 whip of draining
Armour
 u - a +0 leather armour (worn)
Jewellery
 w - an uncursed ring of fire
Wands
 t - a wand of lightning (4/15)
Scrolls
 d - 7 scrolls of identify
 e - 3 scrolls of enchant armour {unknown}
 f - 4 scrolls of teleportation {unknown}
 g - a scroll of immolation {unknown}
 j - 2 scrolls of random uselessness {unknown}
 k - 4 scrolls of remove curse {unknown}
 l - 4 scrolls of recharging {unknown}
 n - 2 scrolls of blinking {unknown}
 p - a scroll of amnesia {unknown}
 s - a scroll of vulnerability {unknown}
 v - a scroll of fog {unknown}
Potions
 a - 3 potions of haste
 h - 2 potions of mutation
 i - a potion of resistance
 o - a potion of agility
 z - a potion of flight
Books
 b - a book of Necromancy

   Spells                             Type                      Level
   a - Pain                           Necromancy                   1
   b - Animate Skeleton               Necromancy                   1
   c - Vampiric Draining              Necromancy                   3
   d - Regeneration                   Charms/Necromancy            3
   e - Animate Dead                   Necromancy                   4
   f - Control Undead                 Necromancy                   4
Comestibles
 c - 3 bread rations
 q - 2 fruits


   Skills:
 - Level 1.0 Fighting
 + Level 7.8 Axes
 - Level 2.1 Dodging
 - Level 2.4 Stealth
 - Level 2.0 Spellcasting
 - Level 6.0 Necromancy
 - Level 0.3 Evocations


You had 5 spell levels left.
You knew the following spells:

 Your Spells              Type           Power        Failure   Level  Hunger
a - Pain                  Necr           ###.         1%          1    #......
b - Animate Skeleton      Necr           N/A          1%          1    #......
e - Vampiric Draining     Necr           ###.......   4%          3    ###....


Dungeon Overview and Level Annotations

Branches:
Dungeon (6/15)             Temple (1/1) D:6

Altars:
Cheibriados
Dithmenos
Elyvilon
Gozag
Hepliaklqana
Makhleb
Okawaru
Ru
Sif Muna
Trog
Vehumet
Yredelemnul
Zin

Annotations:
D:4 Menkaure
D:5 exclusion: ice beast


Innate Abilities, Weirdness & Mutations

You are resistant to damage.
You can heal yourself by infusing magical energy.
You passively map a small area around you.
You do not regenerate.
Your mind is acute. (Int +2)
You have an increased reservoir of magic. (+10% MP)
Your spells are a little easier to cast, but a little less powerful.


Message History

Casting: Vampiric Draining
Confirm with . or Enter, or press ? or * to list all spells.
You attempt to give life to the dead...
Before your eyes, flesh is ripped from the corpse!
The dead are hopping!
A - 2 chunks of flesh Eat one of 2 chunks of flesh? (ye/n/q)
You eat one of the 2 chunks of flesh.
This raw flesh tastes terrible.
You are feeling hungry.
Eat a chunk of flesh? (ye/n/q)
You eat the chunk of flesh.
This raw flesh tastes terrible.
A centaur comes into view.
The centaur shouts!
The centaur wields a shortbow.
The centaur shoots an arrow.
The arrow hits you!
* * * LOW HITPOINT WARNING * * *
Found 2 lumpy red potions.
You see here an arrow.
The centaur shoots an arrow.
The arrow misses you.
The centaur shoots an arrow.
The arrow hits you!
You die...

#...#
#...############
#####..............+
#.......[....#######
#............#
#............#
#...Z(.......#
#............#
#...@........# ######
#............# #.....
#............# #.##.#
#............###.#...
#..c.........##......
#!...........##..#..⌠
######>.......'..#...
###.######...... #.*
#..#...


You could see a centaur and a friendly quokka skeleton.

Vanquished Creatures
  A centaur (D:5)
  A wyvern zombie (Ossuary)
  A water moccasin zombie (Ossuary)
  A centaur zombie (Ossuary)
  2 bullfrog zombies (Ossuary)
  An orc wizard (D:4)
  An iguana (D:4)
  Terence (D:2)
  A worker ant (D:5)
  A killer bee zombie (Ossuary)
  7 mummies (Ossuary)
  2 worker ant zombies (Ossuary)
  2 howler monkey zombies (Ossuary)
  4 adders
  An ooze (D:5)
  An adder skeleton (D:4)
  3 adder zombies (Ossuary)
  3 worms (D:3)
  2 dart slugs
  4 leopard geckos
  8 orcs
  2 ball pythons
  10 bats
  4 giant cockroaches
  9 goblins
  6 hobgoblins
  4 jackals (D:1)
  6 quokkas
  6 frilled lizards
  2 giant cockroach zombies
  3 jackal zombies (Ossuary)
  8 kobolds
  A leopard gecko skeleton (D:5)
  3 quokka zombies (Ossuary)
  3 rats
115 creatures vanquished.

Vanquished Creatures (collateral kills)
  An adder (D:3)
1 creature vanquished.

Grand Total: 116 creatures vanquished

Notes
Turn   | Place    | Note
-------+----------+-------------------------------------------
     0 | D:1      | Irenicus the Deep Dwarf Necromancer began the quest for the Orb.
     0 | D:1      | Reached XP level 1. HP: 15/15 MP: 3/3
   173 | D:1      | Reached XP level 2. HP: 22/22 MP: 2/4
   206 | D:1      | Reached skill level 5 in Necromancy
  1038 | D:2      | Reached skill level 1 in Fighting
  1095 | D:2      | Reached XP level 3. HP: 12/31 MP: 1/6
  1100 | D:2      | Learned a level 3 spell: Vampiric Draining
  1105 | D:2      | Learned a level 1 spell: Animate Skeleton
  1168 | D:2      | Noticed Terence
  1201 | D:2      | Killed Terence
  1255 | D:2      | Reached XP level 4. HP: 19/38 MP: 4/7
  1759 | D:3      | Reached skill level 1 in Axes
  1931 | D:3      | Reached skill level 2 in Axes
  2016 | D:3      | Reached XP level 5. HP: 30/44 MP: 0/8
  2458 | D:4      | Found a sand-covered staircase.
  2463 | Ossuary  | Entered an ossuary
  2474 | Ossuary  | Reached skill level 3 in Axes
  2488 | Ossuary  | Gained mutation: Your mind is acute. (Int +2) [potion of mutation]
  2488 | Ossuary  | Gained mutation: Your spells are a little easier to cast, but a little less powerful. [potion of mutation]
  2488 | Ossuary  | Gained mutation: You have an increased reservoir of magic. (+10% MP) [potion of mutation]
  2517 | Ossuary  | Reached skill level 4 in Axes
  2533 | Ossuary  | Reached XP level 6. HP: 7/51 MP: 9/9
  2588 | Ossuary  | Reached skill level 5 in Axes
  2761 | Ossuary  | Reached skill level 6 in Axes
  2904 | Ossuary  | Reached XP level 7. HP: 16/57 MP: 11/11
  3011 | D:4      | Found an opulent altar of Gozag.
  3160 | D:4      | Reached skill level 7 in Axes
  3441 | D:4      | Noticed Menkaure
  3494 | D:5      | Entered Level 5 of the Dungeon
  3851 | D:6      | Found a staircase to the Ecumenical Temple.
  3860 | Temple   | Entered the Ecumenical Temple
  3944 | Temple   | Became a worshipper of Makhleb the Destroyer
  4005 | D:6      | Shot with an arrow by a centaur

Skill      XL: |  1  2  3  4  5  6  7 |
---------------+----------------------+-----
Necromancy     | 5 6 |  6.0
Spellcasting   | 2 |  2.0
Fighting       | 1 |  1.0
Axes           | 2 4 6 7 |  7.8
Dodging        | |  2.1
Stealth        | |  2.4
Evocations     | |  0.3

Action                   |  1- 3 |  4- 6 |  7- 9 || total
-------------------------+-------+-------+-------++-------
Melee: Unarmed           |    79 |       |       ||    79
       Trident           |     4 |   108 |       ||   112
       Hand axe          |       |   147 |    55 ||   202
 Cast: Pain              |    48 |    17 |     2 ||    67
       Vampiric Draining |     1 |    12 |    21 ||    34
       Animate Skeleton  |     1 |     3 |     2 ||     6
 Abil: Heal Wounds       |       |     3 |       ||     3
  Use: Potion            |       |    10 |       ||    10
       Scroll            |       |     2 |     2 ||     4
 Stab: Sleeping          |       |     4 |       ||     4
       Invisible         |       |     2 |     1 ||     3
  Eat: Chunk             |     2 |     5 |     5 ||    12
       Bread ration      |       |     1 |       ||     1
Armor: Robe              |    21 |     1 |       ||    22
       Leather armour    |       |    17 |     9 ||    26
       Skin              |       |    56 |       ||    56
Dodge: Dodged            |    79 |   129 |    46 ||   254
